 Dungeon Crawl Stone Soup version 0.30-a0-377-g5cb311bc9f (webtiles) character file.

Game seed: 7422019383740396506

435 p00ps00p the Shield-Bearer (level 7, -33/60 HPs)
             Began as a Gnoll Fighter on Nov 29, 2022.
             Annihilated by an ogre
             ... wielding a +0 giant spiked club
              (36 damage)
             ... on level 4 of the Dungeon.
             The game lasted 00:05:11 (2614 turns).

p00ps00p the Shield-Bearer (Gnoll Fighter)          Turns: 2614, Time: 00:05:12

Health: -33/60     AC: 10    Str: 17    XL:     7   Next: 0%
Magic:  10/10      EV: 11    Int:  9    God:
Gold:   124        SH: 11    Dex: 13    Spells: 10/10 levels left

rFire   + . .      SeeInvis .    a - +0 war axe
rCold   + . .      Faith    .    c - +1 buckler
rNeg    . . .      Spirit   .    r - +3 ring mail "Xuerraucs" {Int+5}
rPois   +          Reflect  +    (no helmet)
rElec   .          Harm     .    (no cloak)
rCorr   .          Rampage  .    (no gloves)
Will    .....                    q - +0 pair of boots
Stlth   +.........               g - amulet of reflection
HPRegen 0.30/turn                d - ring of Nickegav {rPois rF+ rC+ Int-4 Dex+2}
MPRegen 0.12/turn                (no ring)

@: no status effects
A: fangs 1, strong nose, distributed training
a: no special abilities


You were on level 4 of the Dungeon.
You visited 1 branch of the dungeon, and saw 4 of its levels.

You collected 124 gold pieces.

Inventory:

Hand Weapons
 a - a +0 war axe (weapon)
Armour
 c - a +1 buckler (worn)
 o - a +0 chain mail
 q - a +0 pair of boots (worn)
 r - the +3 ring mail "Xuerraucs" (worn) {Int+5}
   (You found it on level 4 of the Dungeon)

   Int:       It affects your intelligence (+5).
Jewellery
 d - the ring of Nickegav (left hand) {rPois rF+ rC+ Int-4 Dex+2}
   (You acquired it on level 4 of the Dungeon)

   [ring of protection from cold]

   Int:       It affects your intelligence (-4).
   Dex:       It affects your dexterity (+2).
   rF:        It protects you from fire.
   rC:        It protects you from cold.
   rPois:     It protects you from poison.
 g - an amulet of reflection (around neck)
Wands
 e - a wand of polymorph (3)
Scrolls
 f - 4 scrolls of fog
 i - a scroll of enchant weapon
 k - a scroll of identify
 l - 2 scrolls of teleportation
 n - a scroll of torment {unknown}
 s - a scroll of magic mapping
Potions
 b - a potion of heal wounds {unknown}
 h - 2 potions of haste
 j - a potion of attraction {unknown}
 m - 2 potions of degeneration {unknown}
 p - a potion of brilliance {unknown}


   Skills:
 + Level 7.0 Fighting
 + Level 2.3 Short Blades
 + Level 2.3 Long Blades
 + Level 5.1 Axes
 + Level 2.3 Maces & Flails
 + Level 2.3 Polearms
 + Level 2.3 Staves
 + Level 2.3 Ranged Weapons
 + Level 2.3 Throwing
 + Level 7.0 Armour
 + Level 2.3 Dodging
 + Level 2.3 Stealth
 + Level 7.0 Shields
 + Level 2.3 Unarmed Combat
 + Level 2.3 Spellcasting
 + Level 1.8 Conjurations
 + Level 1.8 Hexes
 + Level 1.8 Summonings
 + Level 1.8 Necromancy
 + Level 1.8 Translocations
 + Level 1.8 Transmutations
 + Level 1.8 Fire Magic
 + Level 1.8 Ice Magic
 + Level 1.8 Air Magic
 + Level 1.8 Earth Magic
 + Level 1.8 Poison Magic
 + Level 2.5 Invocations
 + Level 2.3 Evocations


You had 10 spell levels left.
You didn't know any spells.
Your spell library contained the following spells:

 Spells                   Type           Power      Damage    Failure   Level
 Gell's Gravitas          Tloc           4%         N/A       67%         3
 Lesser Beckoning         Tloc           8%         N/A       67%         3
 Teleport Other           Tloc           4%         N/A       67%         3


Dungeon Overview and Level Annotations

Branches:
Dungeon (4/15)
 Temple: D:4-7

Altars:
Ashenzari
Kikubaaqudgha

Shops:
D:1 !

Annotations:
D:4 1 runed translucent door


Innate Abilities, Weirdness & Mutations

You have very sharp teeth.
Your uncanny sense of smell can sniff out nearby items.
Your experience applies equally to all skills.


Message History

Your Fighting skill increases to level 7!
Your Armour skill increases to level 7!
Your Shields skill increases to level 7!
You slash the ogre!
The ogre is moderately wounded.
The ogre hits you with a +0 giant spiked club.
You barely miss the ogre.
The ogre is moderately wounded.
You block the ogre's attack.
You hit the ogre.
The ogre is moderately wounded.
The ogre misses you.
You hit the ogre but do no damage.
The ogre is moderately wounded.
The ogre hits you with a +0 giant spiked club!!
You barely miss the ogre.
The ogre is moderately wounded.
The ogre hits you with a +0 giant spiked club!!
* * * LOW HITPOINT WARNING * * *
You barely miss the ogre.
The ogre is moderately wounded.
You slash the ogre!
The ogre is almost dead.
The ogre hits you with a +0 giant spiked club.
* * * LOW HITPOINT WARNING * * *
You hit the ogre. You bite the ogre, but do no damage.
The ogre is almost dead.
The ogre hits you with a +0 giant spiked club.
* * * LOW HITPOINT WARNING * * *
You hit the ogre but do no damage.
The ogre is almost dead.
The ogre barely misses you.
You hit the ogre.
The ogre is almost dead.
You block the ogre's attack.
You barely miss the ogre.
The ogre is almost dead.
The ogre hits you with a +0 giant spiked club!!!
Ouch! That really hurt!
You die...

..........#..### ∆ ∆
........#......###
........###.#..#.###
........# #'#.#....###
### # ........#
#.###......### #.. .
........#
#...###.#..#.### #.###.
........#
###...###.#....#+#.#<#.
........#
###...###......#.#.#.
........#
##@.##.#..#.##...#.
........#
#.[)O##....#.###.....
........#
##..##.#..#.## #.####
........# ...##.#..#.##
∆#.#... ........#
#..##.#....## #.#.##
######### #..##.#....##
#.).# #.##.#..#.##
##### #########
###.#....## #.......#
##.#..#.##


You could see an ogre.

Vanquished Creatures
  Grinder (D:3)
  A black bear (D:4)
  Robin (D:2)
  5 adders
  A shadow imp (D:4)
  A worm (D:2)
  A dart slug (D:3)
  5 orcs
  3 ball pythons
  3 bats
  6 endoplasms
  5 giant cockroaches
  15 goblins
  5 hobgoblins
  A jackal (D:2)
  3 quokkas
  2 frilled lizards (D:2)
  8 kobolds
  6 rats
73 creatures vanquished.

Notes
Turn   | Place    | Note
-------+----------+-------------------------------------------
     0 | D:1      | p00ps00p the Gnoll Fighter began the quest for the Orb.
     0 | D:1      | Reached XP level 1. HP: 23/23 MP: 1/1
   160 | D:1      | Reached XP level 2. HP: 29/29 MP: 2/2
   276 | D:1      | Found Iqatidoodgh's Distillery.
   743 | D:2      | Reached XP level 3. HP: 35/35 MP: 3/3
   765 | D:2      | Noticed Robin
   777 | D:2      | Reached skill level 1 in Invocations
   777 | D:2      | Killed Robin
   778 | D:2      | Reached skill level 1 in Short Blades
   778 | D:2      | Reached skill level 1 in Long Blades
   778 | D:2      | Reached skill level 1 in Maces & Flails
   778 | D:2      | Reached skill level 1 in Polearms
   778 | D:2      | Reached skill level 1 in Staves
   778 | D:2      | Reached skill level 1 in Ranged Weapons
   778 | D:2      | Reached skill level 1 in Throwing
   778 | D:2      | Reached skill level 1 in Dodging
   778 | D:2      | Reached skill level 1 in Stealth
   778 | D:2      | Reached skill level 1 in Unarmed Combat
   778 | D:2      | Reached skill level 1 in Spellcasting
   778 | D:2      | Reached skill level 1 in Evocations
   783 | D:2      | Reached XP level 4. HP: 33/41 MP: 5/5
   961 | D:2      | Reached skill level 1 in Conjurations
   961 | D:2      | Reached skill level 1 in Hexes
   961 | D:2      | Reached skill level 1 in Summonings
   961 | D:2      | Reached skill level 1 in Necromancy
   961 | D:2      | Reached skill level 1 in Translocations
   961 | D:2      | Reached skill level 1 in Transmutations
   961 | D:2      | Reached skill level 1 in Fire Magic
   961 | D:2      | Reached skill level 1 in Ice Magic
   961 | D:2      | Reached skill level 1 in Air Magic
   961 | D:2      | Reached skill level 1 in Earth Magic
   961 | D:2      | Reached skill level 1 in Poison Magic
  1271 | D:2      | Found a faded altar of an unknown god.
  1385 | D:3      | Found a broken altar of Ashenzari.
  1516 | D:3      | Reached XP level 5. HP: 44/47 MP: 7/7
  1539 | D:3      | Noticed Grinder
  1561 | D:3      | Paralysed by Grinder for 5 turns
  1835 | D:3      | Killed Grinder
  1836 | D:3      | Reached skill level 5 in Axes
  1836 | D:3      | Reached XP level 6. HP: 47/53 MP: 7/9
  2191 | D:4      | Identified a scroll of acquirement
  2191 | D:4      | Acquired the ring of Nickegav {rPois rF+ rC+ Int-4 Dex+2}
  2214 | D:4      | Identified the +3 ring mail "Xuerraucs" {Int+5}
  2454 | D:4      | Found an ancient bone altar of Kikubaaqudgha.
  2475 | D:4      | Found a runed translucent door.
  2494 | D:4      | Noticed a black bear
  2503 | D:4      | Killed a black bear
  2557 | D:4      | Reached XP level 7. HP: 59/59 MP: 10/10
  2611 | D:4      | HP: 1/60 [ogre/+0 giant spiked club (5)]
  2614 | D:4      | Annihilated by an ogre

Illustrated notes

Levels and vault maps discovered:
D:1:      wander_arrival_lonely_grave, layout_loops_ring, serial_glass,
          glass_columns_a, glass_columns_a, serial_shops,
          nicolae_shop_statue_plus, kennysheep_crisscross
D:2:      layout_rooms, shapermc_ecumenical_altar_pompeii, minmay_heptomino_l4,
          uniq_robin
D:3:      layout_rooms, overflow_temple_1_default, uniq_grinder
D:4:      minmay_razor_zed, layout_basic, mainiacjoe_overflow_alcove_1,
          lemuel_coloured_pillars_altar, ebering_ghost_inner_flame

Skill      XL: |  1  2  3  4  5  6  7 |
---------------+----------------------+-----
Invocations    | 1 2 |  2.5
Short Blades   | 1 2 |  2.3
Long Blades    | 1 2 |  2.3
Maces & Flails | 1 2 |  2.3
Polearms       | 1 2 |  2.3
Staves         | 1 2 |  2.3
Ranged Weapons | 1 2 |  2.3
Throwing       | 1 2 |  2.3
Dodging        | 1 2 |  2.3
Stealth        | 1 2 |  2.3
Unarmed Combat | 1 2 |  2.3
Spellcasting   | 1 2 |  2.3
Evocations     | 1 2 |  2.3
Conjurations   | 1 |  1.8
Hexes          | 1 |  1.8
Summonings     | 1 |  1.8
Necromancy     | 1 |  1.8
Translocations | 1 |  1.8
Transmutations | 1 |  1.8
Fire Magic     | 1 |  1.8
Ice Magic      | 1 |  1.8
Air Magic      | 1 |  1.8
Earth Magic    | 1 |  1.8
Poison Magic   | 1 |  1.8
Axes           | 5 |  5.1
Fighting       | 7 |  7.0
Armour         | 7 |  7.0
Shields        | 7 |  7.0

Action                   |  1- 3 |  4- 6 |  7- 9 || total
-------------------------+-------+-------+-------++-------
Melee: War axe           |    67 |   120 |    15 ||   202
       Bite              |     6 |     6 |     1 ||    13
  Use: Scroll            |     8 |     4 |       ||    12
       Potion            |       |     3 |       ||     3
Armor: Scale mail        |    28 |    15 |       ||    43
       Chain mail        |       |    19 |       ||    19
       Ring mail         |       |     5 |     1 ||     6
Dodge: Dodged            |    16 |    40 |     5 ||    61
Block: Buckler           |    47 |    65 |     4 ||   116
       Reflection        |     3 |     4 |       ||     7

Table legend: (Time is in decaauts)
 A = Elapsed time spent in this place.
 B = Non-inter-level travel time spent in this place.
 C = Inter-level travel time spent in this place.
 D = Time resting spent in this place.
 E = Time spent auto-exploring this place.
 F = Levels seen in this place.
 G = Mean time per level.
                   A        B        C        D        E       F      G
               +--------+--------+--------+--------+--------+-----+--------+
         Total |   2675 |   2538 |    137 |    237 |   1726 |   4 |  668.8 |
       Dungeon |   2675 |   2538 |    137 |    237 |   1726 |   4 |  668.8 |
               +--------+--------+--------+--------+--------+-----+--------+

Top non-repeatable levels by time:
     D:1: 724 daAuts
     D:2: 682 daAuts
     D:4: 672 daAuts
     D:3: 595 daAuts
